 Dungeon Crawl Stone Soup version 0.14-a0-2019-gd9bc7f0 (webtiles) character file.

523052 Bastard the Slayer (level 26, -44/180 HPs)
             Began as a Kobold Assassin on Jan 19, 2014.
             Was the Champion of Dithmengos.
             Killed from afar by an orb of fire (62 damage)
             ... with a fireball
             ... on Level 5 of the Realm of Zot on Jan 20, 2014.
             The game lasted 06:26:35 (61939 turns).

Bastard the Slayer (Kobold Assassin)               Turns: 61939, Time: 06:26:37

HP -44/180       AC 21     Str 15      XL: 26   Next: 48%
MP  42/42        EV 41     Int  9      God: Dithmengos [******]
Gold 6048        SH 19     Dex 29      Spells:  6 memorised, 15 levels left

rFire  . . .     SeeInvis .     a - +6,+4 cutlass (elec)
rCold  + + .     Clarity  .     l - +5 mottled dragon armour
rNeg   . . .     Conserve .     i - +1 elf buckler {AC+3}
rPois  .         rCorr    .     e - +1 hat of the Equator {rC+}
rElec  +         rRot     .     j - +0 cloak of Starlight {rElec rC+ EV+4 Stlth-}
SustAb . .       Spirit   .     E - +1 pair of gloves of Onateat {rElec Dex+2 Dam+5 Curse}
rMut   .         Warding  .     (no boots)
Saprov + + .     Stasis   .     F - amulet of faith
MR     +....                    d - ring of invisibility
                                R - ring of regeneration

@: mighty, very slightly contaminated, hasted (expiring), wreathed by umbra,
very quick, somewhat resistant to hostile enchantments, uncannily stealthy
A: disease resistance, carnivore 3, saprovore 2, weak 1
a: Shadow Step, Shadow Form, Renounce Religion, Evoke Invisibility
}: 3/15 runes: decaying, silver, gossamer


You were on level 5 of the Realm of Zot.
You worshipped Dithmengos.
Dithmengos was exalted by your worship.
You were very full.

You visited 11 branches of the dungeon, and saw 59 of its levels.
You visited 1 bazaar.
You also visited: Sewer, Bailey, Ice Cave, Volcano and Wizlab.

You collected 6698 gold pieces.
You spent 650 gold pieces at shops.

Inventory:

Hand weapons
 a - a +6,+4 cutlass of electrocution (weapon)
 b - a +7 blowgun
Missiles
 f - 14 curare-tipped needles
 x - a throwing net [torn]
 L - a throwing net [frayed]
 P - 6 needles of frenzy
 Y - a throwing net (quivered)
Armour
 e - the +1 hat of the Equator (worn) {rC+}
   (You found it on level 1 of the Vaults)

   It protects you from cold.
 i - a +1 elven buckler of protection (worn)
 j - the +0 cloak of Starlight (worn) {rElec rC+ EV+4 Stlth-}
   (You found it on level 4 of the Spider Nest)

   It affects your evasion (+4).
   It protects you from cold.
   It insulates you from electricity.
   It makes you much less stealthy.
 l - a +5 mottled dragon armour (worn)
 E - the +1 pair of gloves of Onateat (worn) {rElec Dex+2 Dam+5 Curse}
   (You found it on level 5 of the Dungeon)

   It affects your dexterity (+2).
   It affects your damage-dealing abilities (+5).
   It insulates you from electricity.
   It may recurse itself when equipped.
 N - a +2 dwarven buckler of cold resistance
Magical devices
 q - a wand of digging (3)
 v - a wand of disintegration (2)
 D - a wand of teleportation (2)
Comestibles
 g - 4 meat rations
 G - 2 chunks of purple draconian flesh
Scrolls
 k - 5 scrolls of blinking
 o - 2 scrolls of fog
 u - 4 scrolls of identify
 w - 11 scrolls of remove curse
 B - 2 scrolls of recharging
 K - a scroll of teleportation
 Q - a scroll of vulnerability
Jewellery
 d - a ring of invisibility (right hand)
 t - an uncursed ring of protection from cold
 y - the ring "Roaphariett" {MR++ SInv}
   (You found it on level 3 of the Swamp)

   [ring of see invisible]

   It affects your resistance to hostile enchantments.
 A - an uncursed ring of protection from fire
 F - an amulet of faith (around neck)
 I - an uncursed ring of teleportation
 R - a ring of regeneration (left hand)
 U - an uncursed ring of poison resistance
 X - an uncursed ring of teleport control
Potions
 m - 3 potions of agility
 r - a potion of might
 s - 5 potions of heal wounds
 H - 2 potions of restore abilities
 M - 2 potions of speed
 S - 3 potions of resistance
 T - 7 potions of curing
Miscellaneous
 n - a sack of spiders
 p - a fan of gales
 z - a sack of spiders
 C - a disc of storms
 J - a phial of floods
 W - a fan of gales
Rods
 c - a +1 rod of inaccuracy (3/11)
   (You found it on level 1 of the Elven Halls)


   Skills:
 + Level 22.2 Fighting
 - Level 15.8 Short Blades
 - Level 2.6 Throwing
 - Level 10.0 Armour
 - Level 20.2 Dodging
 - Level 13.0 Stealth
 - Level 7.0 Shields
 - Level 4.4 Spellcasting
 - Level 16.7 Charms
 - Level 5.0 Air Magic
 - Level 22.1 Evocations


You had 15 spell levels left.
You knew the following spells:

 Your Spells              Type           Power        Failure   Level  Hunger
a - Passwall              Trmt/Erth      #.........   80%         3    ###....
b - Flight                Chrm/Air       ###.......   1%          3    ###....
c - Ensorcelled Hibernat  Hex/Ice        #.....       38%         2    ##.....
d - Summon Butterflies    Summ           #.......     28%         1    #......
e - Haste                 Chrm           ####....     6%          6    #######
f - Regeneration          Chrm/Necr      ###.......   2%          3    ###....


Dungeon Overview and Level Annotations

Branches:
Dungeon (16/16)            Temple (1/1) D:5             Orc (4/4) D:9
    Elf (3/3) Orc:4          Lair (8/8) D:8           Swamp (5/5) Lair:6
 Spider (5/5) Lair:6        Slime (0/6) Lair:6       Vaults (5/5) D:15
  Blade (1/1) Vaults:3        Zot (5/5) Depths:6     Forest (0/5) Vaults:2
 Depths (6/6) D:16

Altars:
Ashenzari
Cheibriados
Dithmengos
Elyvilon
Fedhas
Kikubaaqudgha
Makhleb
Nemelex Xobeh
Okawaru
Sif Muna
Trog
Vehumet
Xom
Yredelemnul
Zin
the Shining One

Shops:
D:7 (?[%!   D:10 :   Orc:4 }*[(   Elf:2 *   Vaults:3 %   Vaults:4 (
Depths:1 !   Depths:5 [   Depths:6 **

Portals:
Hell: Depths:1 Depths:2 Depths:3 Depths:4 Depths:5 Depths:6
Abyss: Depths:2 Depths:4
Pandemonium: Depths:3
Ziggurat: Depths:5

Annotations:
D:5 exclusions: 2 doors and oklob plant
D:11 exclusion: lava snake
Elf:2 exclusion: door
Spider:5 exclusion: Roxanne, Roxanne
Depths:3 exclusion: downstairs, Boris


Innate Abilities, Weirdness & Mutations

You recuperate from illness quickly.
You are small and have problems with some larger weapons.
You are carnivorous and can eat meat at any time.
You can eat rotten meat.
You are weak. (Str -2)


Message History

The orb of fire emits a lurid red light.
The bolt of fire hits you!
Ouch! That really hurt!
* * * LOW HITPOINT WARNING * * *
You emit a cloud of dark smoke.
Your mottled dragon armour prevents you from hitting the orb of fire.
The orb of fire is almost destroyed.
Your shadow attacks!
Your shadow hits the orb of fire but does no damage.
You miss the orb of fire.
The orb of fire is almost destroyed.
Your shadow attacks!
Your shadow barely misses the orb of fire.
You closely miss the orb of fire.
The orb of fire is almost destroyed.
Your shadow attacks!
Your shadow hits the orb of fire with a cutlass.
The orb of fire glows bright magenta.
The fireball explodes!
The fireball engulfs you!
You die...

,,* #...).......# *,,,,,,,,,, ,,*
##...).....*.## *,,,,,,,,,, ,**
#.............# **,,,,,,,,, **
##....§§§§.....## **,,,,,,,, *
#.....§§§§......# **,,,,,,,
▓▓▓▓########§########▓▓ *#######
.....#..##.§§##§§§.../## #......
...###.##.###*##§###...## ##.?.##
..####...## ##§#@# ##...###..###
..# #...## ##*§####.....#.##
..###..## ##§§.8...#...##
....8..# ##....#####.# ###...##
#..### #.### ##..## ####..#
##...#### ###....#
#.....######........
.....#########..#................
####.#.(.....#..#...####..####...


You could see an orb of fire.

Vanquished Creatures
  Saint Roka (Depths:1)
  Boris (Depths:1)
  Norris (Depths:1)
  Jory (Vaults:4)
  4 golden dragons
  Frederick (Vaults:2)
  Nikola (Elf:2)
  4 bone dragons
  An electric golem (Zot:5)
  A lich (Vaults:3)
  A hellephant (Depths:5)
  4 tentacled monstrosities
  4 Orb Guardians (Zot:5)
  A quicksilver dragon (Depths:4)
  A deep elf blademaster (Elf:3)
  2 deep elf master archers (Elf:3)
  2 titans
  3 sphinxes
  A daeva (Depths:5)
  Agnes (Depths:2)
  9 storm dragons
  Frances (Depths:2)
  Kirke (Vaults:1)
  A player illusion (Spider:3)
  5 shadow dragons
  2 draconian monks
  7 fire giants
  4 tengu reavers
  6 frost giants
  A draconian scorcher (Zot:2)
  Wiglaf (Depths:2)
  Maud (Lair:4)
  2 ghost moths (Spider:5)
  7 vault wardens
  10 deep elf sorcerers
  Louise (Swamp:3)
  3 emperor scorpions (Spider:5)
  An orc warlord (Orc:3)
  Gastronok (D:13)
  Jorgrun (Depths:4)
  A draconian caller (Zot:2)
  4 draconian shifters
  35 stone giants
  4 green draconians
  3 yellow draconians
  A blizzard demon (Depths:3)
  4 grey draconians
  14 deep elf annihilators (Elf:3)
  4 pale draconians
  Azrael (Spider:4)
  4 white draconians
  7 black draconians
  7 deep elf demonologists
  4 mottled draconians (Depths:6)
  20 ettins
  4 red draconians
  5 purple draconians
  Snorg (Swamp:3)
  4 deep elf death magi (Elf:3)
  6 fire dragons
  12 ironheart preservers
  A minotaur (Depths:1)
  31 yaktaur captains
  23 vault guards
  5 deep elf high priests
  Fannar (D:15)
  Harold (D:13)
  Josephine (D:12)
  21 hydras
  11 ice dragons
  4 great orbs of eyes
  Nessos (D:13)
  2 alligators
  The ghost of Piginabag the Fighter, a powerful FoWn of the Shining One (D:11)
  Erica (Lair:3)
  A ravenous feature mimic (Vaults:4)
  9 deep troll earth magi
  12 death yaks
  4 rakshasas
  12 deep troll shamans
  10 very ugly things
  A tengu warrior (Depths:6)
  A hell hog (Depths:5)
  13 ogre magi
  3 naga warriors
  8 iron golems
  3 orc high priests (Orc:4)
  20 dancing weapons
  14 hell knights
  22 centaur warriors
  5 unseen horrors
  The ghost of flammableBen the Bewitcher, an experienced SpEn of Dithmengos (D:8)
  20 deep elf knights
  An ice devil (Depths:3)
  The ghost of Moksha the Conjurer, an experienced DECj of Vehumet (D:11)
  A fire crab (Vaults:3)
  5 skeletal warriors (D:13)
  A sea snake (shapeshifter) (Vaults:3)
  3 catoblepae
  7 swamp dragons
  A flayed ghost (Vaults:4)
  7 iron trolls
  11 ironbrand convokers
  Erolcha (Orc:4)
  A harpy (shapeshifter) (Depths:2)
  An ice statue (IceCv)
  A wizard (Depths:1)
  A lindwurm (shapeshifter) (Vaults:5)
  5 necromancers
  Pikel (D:9)
  A lindwurm (Lair:2)
  2 giant amoebae
  8 deep elf conjurers
  21 deep trolls
  5 griffons
  13 orc knights
  17 hill giants
  A fire giant zombie (Depths:2)
  8 orc sorcerers
  26 wolf spiders
  2 stone giant zombies
  4 harpies (Vaults:2)
  A phantasmal warrior (Vaults:5)
  7 red wasps
  A draconian (shapeshifter) (Depths:3)
  7 cyclopes
  6 stone golems
  A guardian serpent (Lair:8)
  A red wasp (shapeshifter) (Depths:1)
  5 spiny worms
  9 elephants (Lair:8)
  2 elephants (shapeshifter)
  Maurice (D:8)
  7 moths of wrath
  16 vault sentinels
  4 black mambas
  A stone giant skeleton (Vaults:4)
  A black mamba (shapeshifter) (Depths:1)
  6 deep elf summoners
  An eye of devastation (D:15)
  9 demonic crawlers
  A tormentor (Elf:3)
  A smoke demon (Volcano)
  20 spiny frogs
  An elf (shapeshifter) (Depths:4)
  2 orb spiders (Spider:5)
  2 feature mimics
  73 yaktaurs
  A fire drake (shapeshifter) (Depths:5)
  A queen bee (Lair:6)
  A red devil (Depths:3)
  2 tengu conjurers
  3 naga magi
  2 komodo dragons (shapeshifter)
  A wolf spider simulacrum (Vaults:1)
  A golden dragon simulacrum (Depths:2)
  23 two-headed ogres
  2 blue devils
  A giant firefly (Vaults:2)
  10 jumping spiders
  A spriggan (shapeshifter) (Vaults:5)
  12 blink frogs
  Sonja (Orc:4)
  4 hydra zombies
  2 giant leeches
  A polar bear (shapeshifter) (Elf:2)
  5 bog bodies
  9 deep elf priests
  5 spriggans
  4 trolls
  Prince Ribbit (D:8)
  7 fire drakes
  A raven (shapeshifter) (Vaults:4)
  17 polar bears
  A boulder beetle (shapeshifter) (Depths:4)
  33 slime creatures
  2 hydra skeletons
  A blink frog (shapeshifter) (Depths:4)
  4 komodo dragons
  A slime creature (shapeshifter) (Depths:2)
  A stone giant simulacrum (Depths:2)
  A fire giant simulacrum (Vaults:4)
  9 trapdoor spiders
  2 deep troll zombies (Depths:4)
  A formicid (shapeshifter) (Vaults:4)
  A snapping turtle (shapeshifter) (Elf:3)
  A boulder beetle (Vaults:3)
  A griffon zombie (D:12)
  A grizzly bear (Vaults:2)
  24 redbacks
  A ynoxinul (Depths:3)
  18 tarantellas
  7 basilisks
  34 deep elf magi
  45 yaks
  A fire dragon skeleton (D:15)
  6 wyverns
  5 toenail golems
  3 wraiths
  20 sharks
  A fire bat (Volcano)
  19 vampire mosquitoes
  2 hill giant zombies
  69 ugly things
  Eustachio (D:5)
  8 hippogriffs
  Grum (Orc:3)
  3 hungry ghosts
  2 vampires
  35 deep elf fighters
  A chaos spawn (Elf:3)
  15 clay golems
  11 swamp worms
  A molten gargoyle (Volcano)
  2 human zombies (Depths:1)
  4 porcupines
  44 wolves
  Duvessa (D:9)
  A mottled dragon (shapeshifter) (Vaults:5)
  Edmund (D:8)
  2 soldier ants
  10 hell hounds
  2 mottled dragons
  40 orc warriors
  4 freezing wraiths
  2 black bears
  8 ice beasts
  7 yellow wasps
  6 nagas
  11 giant goldfish
  2 sky beasts
  15 swamp drakes
  4 slaves (D:9)
  4 tengu
  A griffon simulacrum (D:10)
  53 ogres
  A boring beetle (shapeshifter) (Vaults:1)
  27 centaurs
  A rotting devil (Depths:4)
  3 phantoms
  14 crocodiles
  A warg (Vaults:4)
  12 giant slugs
  20 giant frogs
  A brain worm (Spider:5)
  Blork the orc (D:9)
  A brain worm (shapeshifter) (Depths:4)
  A yaktaur zombie (D:13)
  4 big kobolds
  9 insubstantial wisps (Swamp:2)
  14 agate snails
  17 water moccasins
  2 glowing shapeshifter simulacra
  2 earth elementals (WizLab)
  2 cyclops skeletons
  A manticore skeleton (D:12)
  A wyvern skeleton (D:11)
  3 lava fish
  11 jellyfish
  4 troll zombies
  32 killer bees
  A yak skeleton (D:7)
  16 electric eels
  6 lava snakes
  A vampire bat (Lair:5)
  13 spiders
  12 crimson imps
  9 goliath beetles
  2 pulsating lumps (Lair:6)
  2 gnoll shamans (D:5)
  25 orc wizards
  21 orc priests
  8 jellies
  15 big fish
  16 hounds
  2 two-headed ogre zombies
  A centaur skeleton (D:12)
  A warg zombie (Vaults:4)
  2 scorpions
  13 iguanas
  A killer bee zombie (D:12)
  18 worker ants
  2 ogre zombies (D:9)
  27 sheep
  A mottled dragon zombie (D:15)
  A big kobold zombie (D:9)
  A hound skeleton (D:9)
  A mummy (D:11)
  4 boggarts (Depths:4)
  17 gnolls
  24 green rats
  9 giant centipedes
  An ogre simulacrum (D:10)
  19 white imps
  28 adders
  An inept feature mimic (D:6)
  8 worms
  9 giant mites
  An ufetubus (D:10)
  2 adder zombies
  An adder skeleton (D:6)
  2 giant eyeballs (D:12)
  23 giant geckos
  An iguana simulacrum (D:10)
  154 orcs
  8 ball pythons
  A bat skeleton (D:5)
  29 goblins
  20 hobgoblins
  21 jackals
  13 quokkas
  23 bats
  19 giant cockroaches
  19 giant newts
  4 giant spores
  A goblin skeleton (D:9)
  A goblin zombie (D:9)
  A hobgoblin skeleton (D:4)
  2 hobgoblin zombies (D:9)
  An illusory rakshasa (Vaults:1)
  40 kobolds
  2 orc skeletons (D:9)
  16 orc zombies
  23 rats
  A rat skeleton (D:4)
  7 ballistomycetes
  A butterfly (D:5)
  2 crawling corpses (Elf:3)
  2 fungi
  A plant (Lair:6)
2552 creatures vanquished.

Vanquished Creatures (collateral kills)
  Mara (Spider:3)
  A tentacled monstrosity (Depths:4)
  2 titans
  A shadow dragon (Vaults:5)
  2 tengu reavers
  A fire giant (Depths:4)
  A stone giant (Depths:4)
  A satyr (Vaults:5)
  A minotaur (Vaults:5)
  An ettin (Vaults:5)
  3 vault guards (Vaults:5)
  A yaktaur captain (Depths:4)
  A hydra (Swamp:5)
  A naga warrior (Depths:4)
  A swamp dragon (Swamp:5)
  3 wolf spiders
  A red wasp (Spider:5)
  A spiny frog (Swamp:5)
  A demonic crawler (Spider:4)
  6 orb spiders
  2 yaktaurs (Depths:4)
  5 jumping spiders
  A boulder beetle (Vaults:5)
  A trapdoor spider (Spider:5)
  5 tarantellas
  10 redbacks
  3 hell hounds (Spider:4)
  An ogre (Depths:3)
  4 spiders
  Dowan (D:9)
  An orc priest (D:9)
  2 orc wizards (D:9)
  An orc (D:9)
68 creatures vanquished.

Vanquished Creatures (others)
  An eldritch tentacle (Elf:2)
  A tengu reaver (Vaults:5)
  A deep elf high priest (Elf:3)
  A yaktaur captain (Vaults:5)
  An ogre mage (Vaults:4)
  A very ugly thing (Vaults:4)
  A hell hog (Depths:5)
  A deep troll (Depths:1)
  17 air elementals
  A swamp dragon (Swamp:5)
  9 water elementals
  3 wolf spiders
  A necromancer (Depths:2)
  2 yaktaurs
  3 orb spiders (Depths:4)
  4 jumping spiders
  3 two-headed ogres (Vaults:2)
  8 redbacks
  An ugly thing (Vaults:4)
  7 tarantellas
  A wraith (Vaults:1)
  5 humans (Vaults:1)
  A wolf (IceCv)
  A dwarf (shapeshifter) (Depths:3)
  A tengu (shapeshifter) (Depths:4)
  A centaur (D:13)
  2 ogres
  An orc wizard (Vaults:3)
  A white imp (D:10)
  An orc (Depths:1)
  A bat (Lair:6)
  A hobgoblin (D:10)
  2 giant spores (D:13)
  A kobold (D:13)
  3 ballistomycetes
  81 eldritch tentacle segments (Elf:2)
  9 fungi
  17 plants
197 creatures vanquished.

Grand Total: 2817 creatures vanquished

Notes
Turn   | Place    | Note
--------------------------------------------------------------
     0 | D:1      | Bastard, the Kobold Assassin, began the quest for the Orb.
     0 | D:1      | Reached XP level 1. HP: 12/12 MP: 1/1
   108 | D:1      | Reached XP level 2. HP: 15/17 MP: 2/2
   604 | D:1      | Reached XP level 3. HP: 19/21 MP: 3/3
   845 | D:1      | Found a basalt altar of Yredelemnul.
  1110 | D:2      | Reached skill level 5 in Short Blades
  1393 | D:2      | Found a glowing silver altar of Zin.
  1650 | D:2      | Found a sparkling altar of Nemelex Xobeh.
  2028 | D:3      | Reached XP level 4. HP: 26/26 MP: 4/4
  2080 | D:3      | Noticed an ogre
  2092 | D:3      | Killed an ogre
  2092 | D:3      | Reached skill level 6 in Short Blades
  2092 | D:3      | Reached XP level 5. HP: 30/30 MP: 5/5
  2161 | D:3      | Reached skill level 7 in Short Blades
  2257 | D:3      | HP: 1/30 [poisoned by an adder]
  3024 | D:4      | Reached XP level 6. HP: 14/35 MP: 6/6
  3263 | D:4      | Found a glowing drain.
  3282 | D:4      | Reached skill level 8 in Short Blades
  3361 | Sewer    | Entered a sewer
  3909 | Sewer    | Reached skill level 9 in Short Blades
  4001 | Sewer    | Reached XP level 7. HP: 30/40 MP: 7/7
  4809 | Sewer    | Reached skill level 10 in Short Blades
  5379 | D:4      | Noticed an ogre
  5384 | D:4      | Killed an ogre
  5384 | D:4      | Reached XP level 8. HP: 44/44 MP: 8/8
  5630 | D:5      | Entered Level 5 of the Dungeon
  5813 | D:5      | Reached skill level 5 in Dodging
  5934 | D:5      | Found a staircase to the Ecumenical Temple.
  5944 | Temple   | Entered the Ecumenical Temple
  6200 | Temple   | Became a worshipper of Dithmengos
  6907 | D:5      | Found a blossoming altar of Fedhas.
  7085 | D:5      | Noticed Eustachio
  7087 | D:5      | Noticed an oklob plant
  7149 | D:5      | Killed Eustachio
  7357 | D:5      | Reached XP level 9. HP: 33/48 MP: 9/9
  7526 | D:5      | Got a pair of encrusted gloves
  7529 | D:5      | Identified the +1 pair of gloves of Onateat {rElec Dex+2 Dam+5 Curse} (You found it on level 5 of the Dungeon)
  8806 | D:6      | Acquired Dithmengos' first power
  8964 | D:6      | Learned a level 3 spell: Passwall
  9018 | D:6      | Reached skill level 10 in Stealth
  9472 | D:7      | Found Plaukhlal's Antique Armour Shoppe.
  9472 | D:7      | Found Xaape's Magic Scroll Emporium.
  9489 | D:7      | Bought a pair of boots for 40 gold pieces
  9506 | D:7      | Bought a scroll of random uselessness for 10 gold pieces
  9537 | D:7      | Found Smewkus' Food Shoppe.
  9570 | D:7      | Reached skill level 11 in Stealth
  9576 | D:7      | You fall through a shaft for 3 floors!
  9576 | D:10     | Entered Level 10 of the Dungeon
  9576 | D:10     | Found an ancient bone altar of Kikubaaqudgha.
  9717 | D:9      | Noticed Pikel
  9719 | D:9      | Reached XP level 10. HP: 53/53 MP: 10/10
  9792 | D:10     | Found Celak's Book Shop.
  9942 | D:9      | Killed Pikel
  9942 | D:9      | Reached skill level 10 in Dodging
 10075 | D:9      | Noticed Blork the orc
 10079 | D:9      | Killed Blork the orc
 10079 | D:9      | Acquired Dithmengos' second power
 10169 | D:9      | Found a staircase to the Orcish Mines.
 10374 | D:9      | Found a shattered altar of Ashenzari.
 10480 | D:9      | Noticed Duvessa
 10481 | D:9      | Noticed Dowan
 10498 | D:9      | Killed Dowan
 10527 | D:9      | Killed Duvessa
 10605 | D:9      | Learned a level 3 spell: Flight
 10608 | D:9      | Learned a level 2 spell: Ensorcelled Hibernation
 10670 | D:8      | Noticed flammableBen's ghost (experienced SpEn)
 10690 | D:8      | Killed flammableBen's ghost
 10690 | D:8      | Reached skill level 12 in Dodging
 10734 | D:8      | Acquired Dithmengos' third power
 10771 | D:8      | Found a staircase to the Lair.
 10808 | D:8      | Got an ichor-stained robe
 10809 | D:8      | Identified the +0 robe of the Snake Pit {+Rage +Inv MR+ Dex+3} (You found it on level 8 of the Dungeon)
 11043 | D:8      | Noticed Edmund
 11045 | D:8      | Killed Edmund
 11079 | D:8      | Reached skill level 13 in Dodging
 11104 | D:8      | Noticed Maurice
 11110 | D:8      | Killed Maurice
 11141 | D:8      | Reached XP level 11. HP: 52/57 MP: 11/11
 11161 | D:8      | Found a flagged portal.
 11200 | Bailey   | Entered a bailey
 11226 | Bailey   | Noticed an orc knight
 11258 | Bailey   | Killed an orc knight
 11272 | Bailey   | Acquired Dithmengos' fourth power
 11393 | D:8      | Reached skill level 5 in Fighting
 11407 | D:8      | Noticed Prince Ribbit
 11409 | D:8      | Killed Prince Ribbit
 11691 | D:7      | Found Wuirrof's Weapon Shop.
 11756 | D:7      | Found Dakled's Distillery.
 11763 | D:7      | Bought a potion of resistance for 112 gold pieces
 11763 | D:7      | Bought a potion of invisibility for 88 gold pieces
 11763 | D:7      | Bought a potion of heal wounds for 48 gold pieces
 11763 | D:7      | Bought 2 potions of poison for 32 gold pieces
 11792 | D:7      | Killed an unseen horror
 11982 | D:7      | Noticed a spriggan baker
 11988 | D:7      | Killed a spriggan baker
 12384 | D:9      | Reached skill level 1 in Evocations
 12662 | D:10     | Noticed a troll
 12665 | D:10     | Noticed a polar bear
 12668 | D:10     | Killed a polar bear
 12675 | D:10     | Killed a troll
 12756 | D:10     | Reached skill level 5 in Evocations
 12818 | D:10     | Noticed a polar bear
 12859 | D:10     | Killed a polar bear
 12931 | D:10     | Noticed a polar bear
 12953 | D:10     | Killed a polar bear
 12953 | D:10     | Reached XP level 12. HP: 24/73 MP: 21/23
 13669 | D:11     | Found a sparkling altar of Nemelex Xobeh.
 13746 | D:11     | Noticed Piginabag's ghost (powerful FoWn)
 13785 | D:11     | Killed Piginabag's ghost
 13785 | D:11     | Reached skill level 10 in Evocations
 14062 | D:11     | Noticed Moksha's ghost (experienced DECj)
 14071 | D:11     | Killed Moksha's ghost
 14586 | D:12     | Noticed Josephine
 14590 | D:12     | Killed Josephine
 14814 | D:12     | Noticed a centaur warrior
 14824 | D:12     | Killed a centaur warrior
 14824 | D:12     | Reached skill level 14 in Evocations
 14973 | D:12     | Reached XP level 13. HP: 78/78 MP: 27/29
 15252 | D:12     | Reached skill level 15 in Evocations
 15467 | Lair:1   | Entered Level 1 of the Lair of Beasts
 16133 | Lair:2   | Reached skill level 1 in Charms
 17072 | Lair:3   | Noticed Erica
 17078 | Lair:3   | Killed Erica
 17182 | Lair:3   | Reached skill level 1 in Air Magic
 17692 | Lair:4   | Reached skill level 5 in Air Magic
 17729 | Lair:4   | Reached skill level 1 in Spellcasting
 17757 | Lair:4   | Gained mutation: You are dopey. (Int -2) [mutagenic glow]
 17821 | Lair:4   | Noticed Maud
 17826 | Lair:4   | Killed Maud
 17826 | Lair:4   | Reached XP level 14. HP: 84/84 MP: 31/31
 18673 | Lair:5   | Found a dark tunnel.
 18705 | Lair:5   | Learned a level 1 spell: Summon Butterflies
 18727 | Volcano  | Entered a volcano
 18843 | Volcano  | Found a radiant altar of Vehumet.
 18848 | Volcano  | Reached skill level 5 in Charms
 19388 | Lair:6   | Paralysed by a potion of paralysis for 7 turns
 19537 | Lair:6   | Found a hole to the Spider Nest.
 19553 | Lair:6   | Found a staircase to the Swamp.
 19807 | Lair:6   | Found a frozen archway.
 19824 | IceCv    | Entered an ice cave
 19873 | IceCv    | Reached skill level 10 in Fighting
 20374 | IceCv    | Reached skill level 15 in Dodging
 20580 | Lair:6   | Found a staircase to the Slime Pits.
 20982 | Lair:6   | Reached XP level 15. HP: 69/92 MP: 31/31
 21267 | Lair:7   | Reached skill level 16 in Dodging
 22059 | Lair:8   | Entered Level 8 of the Lair of Beasts
 22227 | Lair:8   | Reached skill level 17 in Dodging
 22839 | Lair:8   | Reached skill level 18 in Dodging
 23458 | Lair:8   | Reached skill level 19 in Dodging
 23701 | Lair:8   | Reached XP level 16. HP: 97/97 MP: 26/32
 24193 | Lair:8   | Reached skill level 1 in Shields
 24583 | Orc:1    | Entered Level 1 of the Orcish Mines
 25161 | Orc:3    | Found a shimmering altar of Xom.
 25216 | Orc:3    | Noticed Grum
 25239 | Orc:3    | Killed Grum
 26118 | Orc:4    | Entered Level 4 of the Orcish Mines
 26230 | Orc:4    | Noticed Sonja
 26239 | Orc:4    | Found a staircase to the Elven Halls.
 26240 | Orc:4    | Killed Sonja
 26366 | Orc:4    | Noticed Erolcha
 26383 | Orc:4    | Killed Erolcha
 26486 | Orc:4    | Found Madi's Weapon Emporium.
 26615 | Orc:4    | Found Kheliali's General Store.
 26695 | Orc:4    | Reached skill level 5 in Shields
 26865 | Orc:4    | Found Ocogar's Armour Boutique.
 26866 | Orc:4    | Found Blihuax's Gadget Emporium.
 26866 | Orc:4    | Found Peatuxt's Antique Armour Emporium.
 26906 | Orc:4    | Peatuxt's Antique Armour Emporium was a mimic.
 26917 | Orc:4    | Bought a potion of heal wounds for 48 gold pieces
 27055 | Elf:1    | Entered Level 1 of the Elven Halls
 27480 | Elf:1    | Identified a +0 rod of inaccuracy (9/9) (You found it on level 1 of the Elven Halls)
 27502 | Elf:1    | Found a magical portal.
 27512 | WizLab   | Entered a wizard's laboratory
 27695 | WizLab   | Noticed an electric golem
 28201 | Elf:1    | Reached skill level 20 in Dodging
 28715 | Elf:2    | Reached XP level 17. HP: 102/102 MP: 33/33
 28892 | Elf:2    | Found Guiwkan's Assorted Antiques.
 28902 | Elf:2    | Bought a potion of heal wounds for 69 gold pieces
 28915 | Elf:2    | Noticed Nikola
 28929 | Elf:2    | Killed Nikola
 29140 | Elf:2    | Noticed an eldritch tentacle
 29170 | Elf:2    | Killed an eldritch tentacle
 29229 | Elf:2    | Found a deep blue altar of Sif Muna.
 29490 | Elf:3    | Entered Level 3 of the Elven Halls
 30210 | Elf:3    | Noticed a deep elf blademaster
 30418 | Elf:3    | Killed a deep elf blademaster
 30638 | Elf:3    | Gained mutation: You are very dopey. (Int -4) [a neqoxec]
 30865 | Elf:3    | Noticed a deep elf master archer
 31408 | Elf:3    | Killed a deep elf master archer
 31446 | Elf:3    | Noticed a deep elf master archer
 31497 | Elf:3    | Reached XP level 18. HP: 105/107 MP: 36/36
 31582 | Elf:3    | Killed a deep elf master archer
 32024 | Elf:3    | Identified the Disquisition on Glacial Bewitchment
 32212 | Elf:3    | Learned a level 6 spell: Haste
 32987 | Swamp:1  | Entered Level 1 of the Swamp
 33115 | Swamp:2  | Reached skill level 21 in Evocations
 33155 | Swamp:3  | Noticed Louise
 33165 | Swamp:3  | Killed Louise
 33227 | Swamp:3  | Got a glittering granite ring
 33264 | Swamp:3  | Noticed Snorg
 33278 | Swamp:3  | Killed Snorg
 33375 | Swamp:4  | Identified the ring "Roaphariett" {MR++ SInv} (You found it on level 3 of the Swamp)
 33389 | Swamp:5  | Entered Level 5 of the Swamp
 33554 | Swamp:5  | Reached skill level 22 in Evocations
 33774 | Swamp:5  | Got a decaying rune of Zot
 34268 | Spider:1 | Entered Level 1 of the Spider Nest
 34626 | Spider:3 | Noticed Mara
 34630 | Spider:3 | Noticed Bastard's illusion
 34691 | Spider:3 | Killed Bastard's illusion
 34728 | Spider:3 | Noticed Mara
 34728 | Spider:3 | Noticed Mara
 34733 | Spider:3 | Killed Mara
 34777 | Spider:4 | Reached XP level 19. HP: 105/112 MP: 38/38
 34797 | Spider:4 | Noticed Azrael
 34808 | Spider:4 | Killed Azrael
 34972 | Spider:5 | Entered Level 5 of the Spider Nest
 34972 | Spider:5 | Noticed Roxanne
 35277 | Spider:5 | Got a vibrating lapis lazuli ring
 35278 | Spider:5 | Identified the ring of Donn {SustAb Int+3} (You found it on level 5 of the Spider Nest)
 35867 | Spider:5 | Got a gossamer rune of Zot
 36921 | D:13     | Noticed Nessos
 36951 | D:13     | Killed Nessos
 37135 | D:13     | Noticed Gastronok
 37136 | D:13     | Noticed Harold
 37148 | D:13     | Killed Gastronok
 37148 | D:13     | Reached skill level 10 in Charms
 37150 | D:13     | Killed Harold
 38042 | D:15     | Entered Level 15 of the Dungeon
 38098 | D:15     | Noticed Fannar
 38100 | D:15     | Killed Fannar
 38431 | D:15     | Found a gate to the Vaults.
 38480 | Vaults:1 | Entered Level 1 of the Vaults
 38508 | Vaults:1 | Noticed Kirke
 38510 | Vaults:1 | Killed Kirke
 38576 | Vaults:1 | Found a glowing silver altar of Zin.
 38640 | Vaults:1 | Reached XP level 20. HP: 117/117 MP: 39/39
 39221 | Vaults:1 | Got a transparent hat
 39222 | Vaults:1 | Identified the +1 hat of the Equator {rC+} (You found it on level 1 of the Vaults)
 39672 | Vaults:2 | Identified a scroll of acquirement
 40608 | Vaults:2 | Reached skill level 1 in Armour
 40966 | Vaults:2 | Noticed Frederick
 40986 | Vaults:2 | Killed Frederick
 41178 | Vaults:2 | Found a gateway to a bazaar.
 41186 | Bazaar   | Entered a bazaar
 41186 | Bazaar   | Found Hulare's Weapon Boutique.
 41186 | Bazaar   | Found Plitutt's Magic Scroll Shoppe.
 41186 | Bazaar   | Found Stret's Assorted Antiques.
 41187 | Bazaar   | Found Pnuatt's Antique Armour Emporium.
 41187 | Bazaar   | Found Cueklept's Gadget Emporium.
 41205 | Bazaar   | Bought a scroll of recharging for 93 gold pieces
 41258 | Vaults:2 | Found a staircase to the Enchanted Forest.
 41469 | Vaults:2 | Reached skill level 5 in Armour
 42169 | Vaults:3 | Found Kliwaf's Food Shop.
 42752 | Vaults:3 | Found a staircase to the Hall of Blades.
 42775 | Blade    | Entered the Hall of Blades
 42938 | Blade    | Reached XP level 21. HP: 91/122 MP: 36/40
 43547 | Vaults:3 | Gained mutation: Your magical capacity is low (-10% MP). [mutagenic glow]
 44170 | Vaults:4 | Noticed Jory
 44274 | Vaults:4 | Killed Jory
 44437 | Vaults:4 | Reached skill level 10 in Armour
 44489 | Vaults:4 | Gained mutation: Your vision is a little blurry. [mutagenic glow]
 44753 | Vaults:4 | Found Smaczadi's Weapon Boutique.
 45688 | Vaults:4 | Reached skill level 15 in Short Blades
 45984 | Vaults:4 | Found an iron altar of Okawaru.
 46028 | Vaults:4 | Reached XP level 22. HP: 127/127 MP: 32/36
 46236 | Vaults:5 | Entered Level 5 of the Vaults
 47303 | Vaults:5 | Paralysed by a vault guard for 5 turns
 48131 | Vaults:5 | Got a steaming shield
 48134 | Vaults:5 | Identified the +3 shield of the Pits of Slime {rF+ rN+ Curse} (You found it on level 5 of the Vaults)
 48372 | Vaults:5 | Identified a +0 rod of venom (13/13) (You took it off a vault sentinel on level 5 of the Vaults)
 48383 | Vaults:5 | Got a pitted jade amulet
 48387 | Vaults:5 | Identified the amulet of Simu {Inacc rElec SInv} (You found it on level 5 of the Vaults)
 48394 | Vaults:5 | Got a silver rune of Zot
 48947 | Vaults:5 | Reached skill level 15 in Charms
 48962 | Vaults:5 | Learned a level 3 spell: Regeneration
 49199 | Vaults:5 | Reached XP level 23. HP: 132/132 MP: 36/36
 50569 | D:15     | Found a basalt altar of Yredelemnul.
 50832 | D:16     | Entered Level 16 of the Dungeon
 51274 | D:16     | Found a staircase to the Depths.
 51314 | Depths:1 | Entered Level 1 of the Depths
 51572 | Depths:1 | Found Grocweet's Distillery.
 51817 | Depths:1 | Noticed Norris
 51835 | Depths:1 | Killed Norris
 51991 | Depths:1 | Noticed Saint Roka
 52033 | Depths:1 | Killed Saint Roka
 52410 | Depths:1 | Lost mutation: Your vision is a little blurry. [potion of cure mutation]
 52410 | Depths:1 | Lost mutation: Your magical capacity is low (-10% MP). [potion of cure mutation]
 52410 | Depths:1 | Lost mutation: You are very dopey. (Int -4) [potion of cure mutation]
 52410 | Depths:1 | Lost mutation: You are dopey. (Int -2) [potion of cure mutation]
 52495 | Depths:1 | Noticed Boris
 52497 | Depths:1 | Killed Boris
 52610 | Depths:1 | Noticed an ancient lich
 52621 | Depths:1 | Identified the Collected Works on Clay (You found it on level 1 of the Depths)
 52628 | Depths:1 | Found a gateway to Hell.
 53101 | Depths:2 | Reached XP level 24. HP: 43/144 MP: 39/41
 53304 | Depths:2 | Noticed Wiglaf
 53307 | Depths:2 | Killed Wiglaf
 53450 | Depths:2 | Noticed Frances
 53470 | Depths:2 | Killed Frances
 53649 | Depths:2 | Noticed Agnes
 53799 | Depths:2 | Killed Agnes
 53858 | Depths:2 | Found a one-way gate to the infinite horrors of the Abyss.
 54115 | Depths:3 | Found a one-way gate leading to the halls of Pandemonium.
 54290 | Depths:3 | Found a shadowy altar of Dithmengos.
 54688 | Depths:3 | Reached skill level 15 in Fighting
 55439 | Depths:4 | Noticed Boris
 55452 | Depths:4 | Noticed Jorgrun
 55716 | Depths:4 | Killed Jorgrun
 56450 | Depths:4 | Reached XP level 25. HP: 76/160 MP: 40/42
 57516 | Depths:5 | Found Piowaot's Antique Armour Boutique.
 57517 | Depths:5 | Found a gateway to a ziggurat.
 58573 | Depths:6 | Entered Level 6 of the Depths
 58609 | Depths:6 | Found Paguwof's General Store.
 58612 | Depths:6 | Bought a scroll of blinking for 110 gold pieces
 58889 | Depths:6 | Found Inuachonk's Elemental Accessories.
 60277 | Depths:6 | Found a gate to the Realm of Zot.
 60461 | Zot:1    | Entered Level 1 of the Realm of Zot
 60512 | Zot:2    | Reached XP level 26. HP: 116/176 MP: 42/42
 61372 | Zot:5    | Entered Level 5 of the Realm of Zot
 61655 | Zot:5    | Noticed an ancient lich
 61866 | Zot:5    | Noticed an orb of fire
 61908 | Zot:5    | Gained mutation: You are weak. (Str -2) [an orb of fire]
 61939 | Zot:5    | Killed from afar by an orb of fire

Action                   |  1- 3 |  4- 6 |  7- 9 | 10-12 | 13-15 | 16-18 | 19-21 | 22-24 | 25-27 || total
-------------------------+-------+-------+-------+-------+-------+-------+-------+-------+-------++-------
Melee: Dagger            |   115 |   244 |   777 |   598 |  1267 |   756 |       |       |       ||  3757
       Cutlass           |       |       |       |     3 |       |   902 |  1928 |  1760 |   872 ||  5465
       Quick blade       |       |       |       |       |       |       |    58 |       |       ||    58
       Rod               |       |       |       |       |       |       |       |       |     1 ||     1
 Fire: Blowgun           |     2 |    11 |    35 |    10 |       |       |     1 |     9 |       ||    68
Throw: Throwing net      |       |       |     4 |     3 |       |       |     2 |     2 |       ||    11
 Cast: Flight            |       |       |       |       |    10 |    28 |     9 |     5 |     9 ||    61
       Haste             |       |       |       |       |       |       |       |     1 |     4 ||     5
Invok: Shadow Step       |       |       |       |     1 |       |     1 |    13 |    12 |     4 ||    31
       Shadow Form       |       |       |       |       |       |       |       |     1 |       ||     1
 Abil: Evoke Invisibilit |       |       |       |     7 |    18 |    10 |    20 |    18 |    12 ||    85
       Turn Visible      |       |       |       |     1 |     1 |       |     4 |     5 |     8 ||    19
       End Transformatio |       |       |       |       |       |       |       |     1 |       ||     1
Evoke: Wand              |       |     9 |    10 |    21 |    11 |    18 |     6 |    12 |     2 ||    89
       disc of storms    |       |       |       |       |       |    10 |     6 |    24 |       ||    40
       Rod               |       |       |       |       |       |     7 |     3 |     4 |     7 ||    21
       sack of spiders   |       |       |       |       |       |     5 |     7 |     7 |       ||    19
       fan of gales      |       |       |       |       |       |     2 |     1 |     8 |       ||    11
       phial of floods   |       |       |       |       |       |     1 |       |     6 |       ||     7
  Use: Scroll            |     8 |     8 |     6 |    13 |    14 |    16 |    14 |    12 |     6 ||    97
       Potion            |       |     4 |     1 |       |     1 |     8 |     9 |    10 |     1 ||    34
 Stab: Sleeping          |    10 |     9 |    22 |   100 |   174 |    79 |   156 |    93 |    61 ||   704
       Distracted        |       |     1 |     1 |     6 |    10 |    12 |     9 |    22 |     4 ||    65
       Held in net/web   |       |       |     3 |     2 |       |       |     3 |       |       ||     8
       Invisible         |       |       |       |    29 |    85 |    55 |    71 |    74 |    33 ||   347
       Fleeing           |       |       |       |       |     2 |       |       |     1 |       ||     3
       Confused          |       |       |       |       |       |     1 |     1 |     1 |       ||     3
